 Dungeon Crawl Stone Soup version 0.17.1-1-g73c8601 (webtiles) character file.

58 Elvalys the Skirmisher (level 4, -3/29 HPs)
             Began as a Gargoyle Berserker on Dec 23, 2015.
             Was a Believer of Trog.
             Slain by Sigmund
             ... wielding a +0 scythe
              (11 damage)
             ... on level 2 of the Dungeon.
             The game lasted 00:04:10 (1233 turns).

Elvalys the Skirmisher (Gargoyle Berserker)         Turns: 1233, Time: 00:04:11

Health: -3/29      AC:  5    Str: 20    XL:     4   Next: 2%
Magic:  4/4        EV: 12    Int:  8    God:    Trog [**....]
Gold:   77         SH:  0    Dex: 10    Spells: 0 memorised, 3 levels left

rFire  . . .     SeeInvis .     a - +0 mace
rCold  . . .     Clarity  .     h - +0 robe
rNeg   + . .     SustAt   .     (no shield)
rPois  ∞         Gourm    .     (no helmet)
rElec  +         Spirit   .     (no cloak)
rCorr  .         Warding  .     (no gloves)
rMut   .         Rnd*Tele +     (no boots)
MR     +....                    (no amulet)
Stlth  +.........               r - ring of protection from magic
                                j - ring of teleportation (curse)

@: somewhat resistant to hostile enchantments, very unstealthy
A: negative energy resistance 1, electricity resistance, unbreathing,
petrification resistance, rot immunity, AC +3
a: Berserk, Trog's Hand, Burn Spellbooks, Renounce Religion, Evoke Teleportation


You were on level 2 of the Dungeon.
You worshipped Trog.
Trog was pleased with you.
You were not hungry.

You visited 1 branch of the dungeon, and saw 2 of its levels.

You collected 77 gold pieces.

Inventory:

Hand Weapons
 a - a +0 mace (weapon)
 k - a +0 dagger of flaming
Missiles
 l - 12 poisoned needles
 s - 4 javelins (quivered)
Armour
 b - a +0 animal skin
 h - a +0 robe (worn)
Jewellery
 j - a cursed ring of teleportation (left hand)
 r - a ring of protection from magic (right hand)
Scrolls
 d - 2 scrolls of remove curse {unknown}
 e - 2 scrolls of teleportation {unknown}
 m - 2 scrolls of identify {unknown}
Potions
 f - a potion of flight {unknown}
 n - a potion of haste {unknown}
 o - a potion of agility {unknown}
 q - 2 potions of might {unknown}
 t - a potion of heal wounds {unknown}
Comestibles
 c - 2 bread rations
 g - 7 chunks of flesh


   Skills:
 + Level 4.2 Fighting
 + Level 3.9 Maces & Flails
 + Level 2.3 Armour
 - Level 1.5 Dodging


You had 3 spell levels left.
You didn't know any spells.

Dungeon Overview and Level Annotations

Branches:
Dungeon (2/15)

Altars:

Annotations:
D:2 Sigmund


Innate Abilities, Weirdness & Mutations

You are resistant to torment.
Your stone body is resilient (AC +3).
You are immune to poison.
You resist negative energy.
You are resistant to electric shocks.
You can survive without breathing.
You are immune to petrification.
You are immune to rotting.


Message History

Press: ? - help, Shift-Dir - straight line, f/p - Sigmund
Aim: Sigmund, wielding a scythe and wearing a robe (severely wounded)
You throw a javelin.
The javelin hits Sigmund but does no damage.
Sigmund is severely wounded.
Sigmund casts a spell at you. The puff of flame misses you.
Throwing (i - inventory):
s - 5 javelins (quivered)
Press: ? - help, Shift-Dir - straight line, f/p - Sigmund
Aim: Sigmund, wielding a scythe and wearing a robe (severely wounded)
You throw a javelin. The javelin closely misses Sigmund.
Sigmund misses you.
Sigmund gestures wildly while chanting.
Sigmund flickers and vanishes!
Deactivating autopickup; reactivate with Ctrl-A.
You hit something. Something hits you!
You hit something. Something hits you.
* * * LOW HITPOINT WARNING * * *
You barely miss something. You hit something but do no damage.
Something hits you!
You die...

#.# ........ ..# #.#
........ .(.# #####.##
.......( ...(###......#
........ #...#...(..##
........ #......>....#
........ ##..........#
#.####.# ##.{.......#
.. #.# ##.@......# #..
####........##.#####..
......
.......................
###......
######......##.######..
#........ ######.# .#
#..... ......... ..#
###.##.. ....... .###..
...##.# .$... #.#
...####...# K..##
..##..#.......<


There were no monsters in sight!

Vanquished Creatures
  3 adders (D:2)
  A giant gecko (D:2)
  4 bats
  5 giant cockroaches
  7 goblins
  A hobgoblin (D:1)
  2 giant newts (D:1)
  7 kobolds
  A quokka (D:2)
  4 rats
35 creatures vanquished.

Notes
Turn   | Place    | Note
--------------------------------------------------------------
     0 | D:1      | Elvalys the Gargoyle Berserker began the quest for the Orb.
     0 | D:1      | Reached XP level 1. HP: 14/14 MP: 1/1
   145 | D:1      | Reached XP level 2. HP: 16/19 MP: 2/2
   569 | D:1      | Reached ** piety under Trog
   590 | D:1      | Reached XP level 3. HP: 12/24 MP: 3/3
   961 | D:2      | Reached skill level 4 in Fighting
  1112 | D:2      | Noticed Sigmund
  1128 | D:2      | Reached XP level 4. HP: 21/29 MP: 4/4
  1233 | D:2      | Slain by Sigmund

Action                   |  1- 3 |  4- 6 || total
-------------------------+-------+-------++-------
Melee: Mace              |   104 |     6 ||   110
Throw: Throwing net      |     1 |     2 ||     3
       Javelin           |       |     6 ||     6
 Stab: Sleeping          |     1 |       ||     1
  Eat: Chunk             |     1 |       ||     1
